 Dungeon Sprint DCSS version 0.19.5 (webtiles) character file.

91 Agrougrou the Skirmisher (level 4, -3/39 HPs)
             Began as a Demonspawn Fighter on Mar 6, 2017.
             Slain by a sixfirhy (11 damage)
             ... summoned by a deep elf mage
             ... in the Dungeon (Sprint III: "The Ten Rune Challenge").
             The game lasted 00:01:54 (475 turns).

Agrougrou the Skirmisher (Demonspawn Fighter)        Turns: 475, Time: 00:01:55

Health: -3/39      AC:  9    Str: 20    XL:     4   Next: 34%
Magic:  4/4        EV:  7    Int: 11    God:
Gold:   14         SH: 10    Dex: 16    Spells: 0 memorised, 3 levels left

rFire  . . .     SeeInvis +     a - +0 flail
rCold  . . .     Gourm    .     b - +0 scale mail
rNeg   . . .     Faith    .     c - +0 shield
rPois  .         Spirit   .     (helmet restricted)
rElec  .         Reflect  .     (no cloak)
rCorr  .         Harm     .     (no gloves)
MR     +....     NoTele   +     (no boots)
Stlth  ..........               (no amulet)
                                (no ring)
                                m - ring of see invisible

@: drained
A: horns 1, slimy green scales 1, agile 2, clever 1, magic resistance 1, strong
1
a: no special abilities


You were in the Dungeon.
You were not hungry.

You visited 1 branch You collected 14 gold pieces.

Inventory:

Hand Weapons
 a - a +0 flail (weapon)
Armour
 b - a +0 scale mail (worn)
 c - a +0 shield (worn)
Jewellery
 m - a ring of see invisible (left hand)
Scrolls
 k - a scroll of blinking
 n - a scroll of amnesia
 o - a scroll of torment {unknown}
 q - 3 scrolls of remove curse
 s - a scroll of immolation {unknown}
 t - a scroll of magic mapping {unknown}
Potions
 e - a potion of curing
 g - 2 potions of heal wounds
 h - a potion of haste
 i - 2 potions of magic
 r - 3 potions of cure mutation
 v - 2 potions of flight
Comestibles
 f - 2 bread rations
 u - 2 fruits


   Skills:
 + Level 5.3(4.8) Fighting
 + Level 3.9(3.4) Maces & Flails
 + Level 4.7(4.3) Armour
 + Level 4.8(4.4) Shields


You had 3 spell levels left.
You didn't know any spells.

Dungeon Overview and Level Annotations

Branches:
Dungeon (1/1)

Altars:
Elyvilon
Zin
The Shining One


Innate Abilities, Weirdness & Mutations

You are partially covered in slimy green scales. (AC +2)
You have a pair of small horns on your head.
You are very agile. (Dex +4)
Your mind is acute. (Int +2)
You are resistant to hostile enchantments. (MR+)
Your muscles are strong. (Str +2)


Message History

The deep elf mage is moderately wounded.
You block the deep elf mage's attack.
You sock the deep elf mage!
The deep elf mage is heavily wounded.
The deep elf mage hits you with a long sword of holy wrath.
You convulse.
You closely miss the deep elf mage.
The deep elf mage is heavily wounded.
The deep elf mage gestures wildly while chanting.
You sock the deep elf mage!
The deep elf mage is severely wounded.
The deep elf mage points at you and mumbles some strange words.
The bolt of negative energy hits you!
You feel drained.
You completely miss the deep elf mage. Your headbutt misses the deep elf mage.
The deep elf mage is severely wounded.
You block the sixfirhy's attack. The sixfirhy closely misses you. x2
You block the sixfirhy's attack. The sixfirhy hits you!
* * * LOW HITPOINT WARNING * * *
The sixfirhy shocks you!
You die...

▓▓▓▓ ▓▓▓ ...#### ##.#####
......#####..#___#
.......#..#..#...#
#.##...#..#..###'#+###+##
#.###..##'#..#..........#
##.##..###...'.⌠........#
..##..####...#.3@######+#
..##..###....#.⌠e#
.##...##.....#...#
##....#......#+###
##..##.#.....# #..
####....# ▓▓▓ ▓▓▓▓▓▓


You could see a deep elf mage and a sixfirhy.

Vanquished Creatures
  A water elemental (D)
  A human (D)
  An ooze (D)
  A phantom (D)
  3 rats (D)
7 creatures vanquished.

Vanquished Creatures (others)
  2 draconian scorchers (D)
  6 hellions (D)
  A yaktaur (D)
9 creatures vanquished.

Grand Total: 16 creatures vanquished

Notes
Turn   | Place    | Note
-------+----------+-------------------------------------------
     0 | D        | Agrougrou the Demonspawn Fighter began the quest for the Orb.
     0 | D        | Reached XP level 1. HP: 18/18 MP: 1/1
    77 | D        | Killed a yaktaur
   115 | D        | Killed a hellion
   115 | D        | Killed a hellion
   115 | D        | Killed a hellion
   115 | D        | Killed a hellion
   116 | D        | Killed a hellion
   122 | D        | Reached skill level 4 in Fighting
   122 | D        | Gained mutation: You are partially covered in slimy green scales. (AC +2) [demonic ancestry]
   122 | D        | Reached XP level 2. HP: 14/25 MP: 2/2
   137 | D        | Killed a hellion
   140 | D        | Reached XP level 3. HP: 6/30 MP: 3/3
   212 | D        | Killed a white draconian scorcher
   271 | D        | Killed a white draconian scorcher
   339 | D        | Gained mutation: You are agile. (Dex +2) [potion of mutation]
   339 | D        | Gained mutation: Your mind is acute. (Int +2) [potion of mutation]
   339 | D        | Gained mutation: Your muscles are strong. (Str +2) [potion of mutation]
   340 | D        | Gained mutation: You are very agile. (Dex +4) [potion of mutation]
   340 | D        | Gained mutation: You are resistant to hostile enchantments. (MR+) [potion of mutation]
   340 | D        | Gained mutation: You have a pair of small horns on your head. [potion of mutation]
   375 | D        | Noticed a water elemental
   380 | D        | Killed a water elemental
   380 | D        | Reached skill level 5 in Fighting
   380 | D        | Reached XP level 4. HP: 38/39 MP: 4/4
   462 | D        | Found a glowing silver altar of Zin.
   462 | D        | Found a glowing golden altar of the Shining One.
   462 | D        | Found a white marble altar of Elyvilon.
   463 | D        | Noticed a deep elf mage
   474 | D        | Noticed a sixfirhy
   475 | D        | Slain by a sixfirhy

Skill      XL: |  1  2  3 |
---------------+----------+-----
Maces & Flails | 2 3 |  3.9
Armour         | 3 4 |  4.7
Shields        | 3 4 |  4.8
Fighting       | 4 5 |  5.3

Action                   |  1- 3 |  4- 6 || total
-------------------------+-------+-------++-------
Melee: Flail             |    39 |     8 ||    47
       Headbutt          |     2 |       ||     2
  Use: Potion            |     4 |       ||     4
       Scroll            |     2 |       ||     2
Armor: Scale mail        |    11 |     2 ||    13
Dodge: Dodged            |     8 |     2 ||    10
Block: Shield            |    13 |     4 ||    17
